 Dungeon Crawl Stone Soup version 0.25-a0-930-g9f5dfa9815 (webtiles) character file.

Game seed: 1672409397413840973, levelgen mode: deterministic

648 Hasart the Slasher (level 7, 0/49 HPs)
             Began as an Octopode Fighter on May 3, 2020.
             Slain by an iguana (9 damage)
             ... on level 5 of the Dungeon.
             The game lasted 00:06:10 (4570 turns).

Hasart the Slasher (Octopode Fighter)               Turns: 4570, Time: 00:06:11

Health: 0/49       AC:  3    Str: 20    XL:     7   Next: 53%
Magic:  7/7        EV: 13    Int: 10    God:
Gold:   66         SH:  9    Dex: 12    Spells: 6/6 levels left

rFire    . . .     SeeInvis .   p - +0 long sword (holy)
rCold    . . .     Gourm    .   b - +0 kite shield
rNeg     . . .     Faith    .   (helmet restricted)
rPois    .         Spirit   .   (no amulet)
rElec    .         Reflect  .   v - +3 ring of strength
rCorr    .         Harm     .   u - +2 ring of protection
MR       .....                  (no ring)
Stlth    ++........             (no ring)
HPRegen  0.16/turn              (no ring)
MPRegen  0.10/turn              (no ring)
                                (no ring)
                                (no ring)

@: no status effects
A: almost no armour, stealthy swim, amphibious, 8 rings, constrict 8, camouflage
1, gelatinous body 1
a: no special abilities


You were on level 5 of the Dungeon.
You were hungry.

You visited 1 branch of the dungeon, and saw 5 of its levels.

You collected 178 gold pieces.
You spent 112 gold pieces at shops.

Inventory:

Hand Weapons
 p - a +0 long sword of holy wrath (weapon)
Missiles
 f - 6 javelins (quivered)
Armour
 b - a +0 kite shield (worn)
Jewellery
 k - an uncursed ring of fire
 l - an uncursed amulet of rage
 u - a +2 ring of protection (right tentacle)
 v - a +3 ring of strength (left tentacle)
Wands
 y - a wand of iceblast (12)
Scrolls
 e - 3 scrolls of magic mapping {unknown}
 h - a scroll of enchant armour {unknown}
 i - 3 scrolls of enchant weapon {unknown}
 j - 2 scrolls of teleportation {unknown}
 m - 3 scrolls of identify {unknown}
 q - a scroll of fear {unknown}
 s - a scroll of amnesia {unknown}
 t - a scroll of blinking {unknown}
 w - a scroll of remove curse {unknown}
 x - 2 scrolls of immolation {unknown}
Potions
 a - a potion of berserk rage {unknown}
 c - a potion of might
 g - a potion of stabbing {unknown}
 n - 3 potions of curing
 o - a potion of invisibility {unknown}
 r - 2 potions of haste {unknown}
 A - a potion of heal wounds
Comestibles
 d - 11 rations


   Skills:
 + Level 4.4 Fighting
 * Level 4.9 Long Blades
 + Level 2.9 Throwing
 + Level 4.3 Dodging
 + Level 4.3 Shields


You had 6 spell levels left.
You didn't know any spells.
Your spell library was empty.

Dungeon Overview and Level Annotations

Branches:
Dungeon (5/15)
 Temple: D:4-7

Altars:
Ashenzari
Cheibriados
Fedhas
Hepliaklqana
Makhleb

Shops:
D:4 !


Innate Abilities, Weirdness & Mutations

You cannot wear most types of armour.
You are very stealthy in the water. (Stealth+)
You are amphibious.
You can wear up to eight rings at the same time.
You can use your tentacles to constrict eight enemies at once.
Your skin changes colour to match your surroundings (Stealth+).
Your rubbery body absorbs attacks. (AC +1, EV +1)


Message History

Press: ? - help, Shift-Dir - straight line, f - iguana
Aim: an iguana You throw a javelin.
The javelin barely misses the iguana.
You barely miss the iguana. Your grab misses the iguana.
You squeeze the iguana.
The iguana is lightly wounded.
The iguana bites you.
You closely miss the iguana. Your grab misses the iguana.
You squeeze the iguana.
The iguana is heavily wounded.
You are feeling hungry.
The iguana bites you!
* * * LOW HITPOINT WARNING * * *
The iguana bites you.
* * * LOW HITPOINT WARNING * * *
You hit the iguana. You grab the iguana.
You squeeze the iguana, but do no damage.
The iguana is almost dead.
You constrict the iguana. The iguana bites you!
You die...

........$...)..#
s..............#
...............#
.<.............#
..........%†...#
.........##.?..#
#.....##....#
#.....##)...#
##.....†<@...#
.........).l...#
...............#
...).....##....#
...^.....##....#
..##+######....#
.. #....# .(...#
####+##


You could see an iguana.

Vanquished Creatures
  An ice beast (D:5)
  2 phantoms (D:4)
  A water moccasin skeleton (D:4)
  A hound (D:5)
  2 orc priests
  An orc wizard (D:5)
  A centaur skeleton (D:4)
  A worker ant (D:4)
  5 gnolls
  5 adders
  3 dart slugs (D:3)
  2 worms (D:3)
  4 leopard geckos
  6 orcs
  2 ball pythons
  6 giant cockroaches
  2 goblins (D:3)
  4 hobgoblins
  5 jackals
  4 quokkas
  A ball python skeleton (D:4)
  4 bats
  3 frilled lizards
  5 kobolds
  3 rats
74 creatures vanquished.

Notes
Turn   | Place    | Note
-------+----------+-------------------------------------------
     0 | D:1      | Hasart the Octopode Fighter began the quest for the Orb.
     0 | D:1      | Reached XP level 1. HP: 16/16 MP: 1/1
    58 | D:1      | Found a shattered altar of Ashenzari.
   584 | D:1      | Reached XP level 2. HP: 18/21 MP: 2/2
  1071 | D:2      | Found a hazy altar of Hepliaklqana.
  1072 | D:2      | Found a burning altar of Makhleb.
  1077 | D:2      | Found a snail-covered altar of Cheibriados.
  1292 | D:2      | Reached XP level 3. HP: 26/26 MP: 3/3
  1851 | D:3      | Reached skill level 1 in Throwing
  2116 | D:3      | Reached XP level 4. HP: 23/31 MP: 4/4
  2473 | D:3      | Found a blossoming altar of Fedhas.
  3064 | D:4      | Reached XP level 5. HP: 25/36 MP: 5/5
  3799 | D:4      | Reached XP level 6. HP: 43/43 MP: 6/6
  3899 | D:4      | Noticed a phantom
  3920 | D:4      | Killed a phantom
  4033 | D:4      | Found Boastroa's Distillery.
  4036 | D:4      | Bought a potion of curing for 42 gold pieces
  4036 | D:4      | Bought a potion of heal wounds for 70 gold pieces
  4170 | D:4      | Noticed a phantom
  4176 | D:4      | Killed a phantom
  4176 | D:4      | Reached XP level 7. HP: 48/48 MP: 7/7
  4398 | D:5      | Entered Level 5 of the Dungeon
  4570 | D:5      | Slain by an iguana

Levels and vault maps discovered:
D:1:      nicolae_arrival_somewhat_less_tricky_arrival, layout_basic,
          evilmike_ruin_ashenzari
D:2:      layout_loops_cross, minitemple, dk_vineyard_3, cheibrodos_gnoll_hut
D:3:      layout_basic, fedhas_altar_1
D:4:      layout_cave_pods, first_ration, serial_shops,
          nicolae_shop_behind_doors, minivault_26
D:5:      layout_gridville, uniq_menkaure

Skill      XL: |  1  2  3  4  5  6 |
---------------+-------------------+-----
Throwing       | 1 2 |  2.9
Long Blades    | 3 4 |  4.9
Fighting       | 4 |  4.4
Shields        | 4 |  4.3
Dodging        | 4 |  4.3

Action                   |  1- 3 |  4- 6 |  7- 9 || total
-------------------------+-------+-------+-------++-------
Melee: Long sword        |    58 |    71 |    31 ||   160
       Constrict         |    16 |    16 |    11 ||    43
       Tentacles         |    11 |    19 |    11 ||    41
Throw: Javelin           |       |     2 |     1 ||     3
 Stab: Sleeping          |     3 |     9 |       ||    12
  Eat: Chunk             |     4 |     6 |     1 ||    11
Armor: Skin              |     5 |     6 |     4 ||    15
Dodge: Dodged            |    25 |    29 |    22 ||    76
Block: Kite shield       |    29 |    21 |    18 ||    68
       Rpst.: Long sword |     5 |     8 |     5 ||    18

Table legend:
 A = Non-vault XP
 B = Vault XP
 C = Vault XP percentage of total XP
 D = Non-vault monster count
 E = Vault monster count
 F = Vault count percentage of total count
                 A         B        C        D         E       F
            +---------+---------+-------+---------+---------+-------
      Total |     908 |      19 |   2.0 |      71 |       3 |   4.1
            +---------+---------+-------+---------+---------+-------
        D:1 |      11 |       0 |   0.0 |       8 |       0 |   0.0
        D:2 |      23 |      19 |  45.2 |       7 |       3 |  30.0
        D:3 |      68 |       0 |   0.0 |      20 |       0 |   0.0
        D:4 |     539 |       0 |   0.0 |      24 |       0 |   0.0
        D:5 |     267 |       0 |   0.0 |      12 |       0 |   0.0
            +---------+---------+-------+---------+---------+-------
